 Dungeon Sprint DCSS version 0.29-a0-892-g2c4c91d9db (webtiles) character file.

Game seed: 4995879424842522270

1351 mhtbhm the Basher (level 8, -2/58 HPs)
             Began as a Gargoyle Fighter on July 23, 2022.
             Was an Initiate of Gozag.
             Killed from afar by a deep elf pyromancer (23 damage)
             ... with a bolt of fire
             ... in the Dungeon (Sprint IX: "|||||||||||||||||||||||||||||").
             The game lasted 00:01:44 (452 turns).

mhtbhm the Basher (Gargoyle Fighter)                 Turns: 452, Time: 00:01:46

Health: -2/58      AC: 20    Str: 22    XL:     8   Next: 63%
Magic:  8/8        EV: 10    Int: 12    God:    Gozag
Gold:   315        SH:  5    Dex:  9    Spells: 7/7 levels left

rFire   . . .      SeeInvis .   a - +0 flail
rCold   . . .      Faith    .   c - +0 buckler
rNeg    + . .      Spirit   .   b - +1 scale mail
rPois   ∞          Reflect  .   o - +0 helmet
rElec   +          Harm     .   (no cloak)
rCorr   .          Rampage  .   n - +0 pair of gloves
Will    .....      NoTele   +   (no boots)
Stlth   ..........              (no amulet)
HPRegen 0.19/turn               p - +2 ring of protection
MPRegen 0.11/turn               q - +3 ring of intelligence

@: gold aura, on berserk cooldown, slowed, invisible, very slow
A: sickness immunity, AC +5, negative energy resistance 1, electricity
resistance, torment resistance 1, petrification resistance
a: Renounce Religion, Potion Petition, Call Merchant, Bribe Branch


You were in the Dungeon.
You worshipped Gozag.
Gozag was aware of your devotion.
You visited 1 branch You collected 315 gold pieces.

Inventory:

Hand Weapons
 a - a +0 flail (weapon)
Armour
 b - a +1 scale mail (worn)
 c - a +0 buckler (worn)
 n - a +0 pair of gloves (worn)
 o - a +0 helmet (worn)
Jewellery
 p - a +2 ring of protection (left hand)
 q - a +3 ring of intelligence (right hand)
Wands
 m - a wand of iceblast (5)
Scrolls
 j - 2 scrolls of blinking
 l - 2 scrolls of amnesia
Potions
 e - 3 potions of curing
 h - 4 potions of magic
 k - 2 potions of heal wounds


   Skills:
 + Level 10.3 Fighting
 + Level 11.0 Maces & Flails
 + Level 10.1 Armour
 + Level 3.0 Dodging
 + Level 2.1 Stealth
 + Level 8.4 Shields
 + Level 2.5 Evocations


You had 7 spell levels left.
You didn't know any spells.
Your spell library was empty.

Dungeon Overview and Level Annotations

Branches:
Dungeon (1/1)

Altars:
Cheibriados
Dithmenos
Elyvilon
Fedhas
Gozag
Hepliaklqana
Kikubaaqudgha
Makhleb
Nemelex Xobeh
Okawaru
Qazlal
Ru
Sif Muna
Trog
Uskayaw
Vehumet
Wu Jian
Xom
Yredelemnul
Zin
The Shining One
Jiyva
Lugonu


Innate Abilities, Weirdness & Mutations

You are immune to sickness and miasma.
Your stone body is resilient. (AC +5)
You are immune to poison.
You resist negative energy. (rN+)
You are resistant to electric shocks. (rElec)
You are resistant to unholy torment.
You are immune to petrification.


Message History

Your Dodging skill increases to level 3!
Your Stealth skill increases to level 2!
Unknown command.
You barely miss the deep elf pyromancer.
The deep elf pyromancer is lightly wounded.
The deep elf pyromancer points at you and mumbles some strange words.
The sticky flame misses you.
You thump the deep elf pyromancer!
The deep elf pyromancer is moderately wounded.
The vampire mosquito is distracted by your dazzling golden aura.
The deep elf pyromancer barely misses you.
The deep elf pyromancer is distracted by your dazzling golden aura.
You barely miss the deep elf pyromancer.
The deep elf pyromancer is no longer distracted by gold.
The deep elf pyromancer shouts!
The deep elf pyromancer is moderately wounded.
The deep elf pyromancer is distracted by your dazzling golden aura.
The centaur warrior is distracted by your dazzling golden aura.
You miss the deep elf pyromancer.
The deep elf pyromancer is no longer distracted by gold.
The deep elf pyromancer is moderately wounded.
The vampire mosquito is no longer distracted by gold.
The deep elf pyromancer hits you with a +0 long sword.
You sock the deep elf pyromancer!
The deep elf pyromancer is heavily wounded.
The centaur warrior is no longer distracted by gold.
The centaur warrior wields a +0 longbow.
The centaur warrior shoots an arrow.
The arrow misses the vampire mosquito.
You block the arrow.
You block the deep elf pyromancer's attack.
The centaur warrior shoots an arrow.
The arrow hits the vampire mosquito!!
The vampire mosquito is destroyed!
Unknown command.
You sock the deep elf pyromancer!
The deep elf pyromancer is almost dead.
The centaur warrior is distracted by your dazzling golden aura.
The deep elf pyromancer casts a spell at you.
The bolt of fire hits you!!
You die...
Your body crumbles into a pile of gold. $$$$$ $ $ $ $$$$$ $ $ ▓▓▓▓▓▓▓▓▓▓▓▓▓▓▓▓▓▓▓▓▓▓▓▓▓ ..c...$$@e...'...[).)..'_ ▓▓▓▓▓▓▓▓▓▓▓▓▓▓▓▓▓▓▓▓▓▓▓▓▓

You could see a centaur warrior (unaware, unable to see you) and a deep elf pyromancer (unable to see you).

Vanquished Creatures
  A boulder beetle (D)
  An unseen horror (D)
  A wraith (D)
  A vampire (D)
  A water moccasin (D)
  A scorpion (D)
  2 killer bees (D)
  An orc priest (D)
  An orc wizard (D)
  An orc (D)
  A bat (D)
  An endoplasm (D)
  A goblin (D)
  2 jackals (D)
  A quokka (D)
  A frilled lizard (D)
18 creatures vanquished.

Vanquished Creatures (others)
  A cyclops (D)
  A vampire mosquito (D)
2 creatures vanquished.

Grand Total: 20 creatures vanquished

Notes
Turn   | Place    | Note
-------+----------+-------------------------------------------
     0 | D        | mhtbhm the Gargoyle Fighter began the quest for the Orb.
     0 | D        | Reached XP level 1. HP: 14/14 MP: 1/1
    63 | D        | Noticed a water moccasin
    63 | D        | Noticed a scorpion
    65 | D        | Reached XP level 2. HP: 20/20 MP: 2/2
    74 | D        | Killed a scorpion
    75 | D        | Reached skill level 5 in Fighting
    75 | D        | Reached skill level 3 in Maces & Flails
    75 | D        | Reached skill level 5 in Armour
    75 | D        | Reached skill level 5 in Shields
    75 | D        | Reached XP level 3. HP: 26/26 MP: 3/3
    75 | D        | Reached XP level 4. HP: 31/31 MP: 4/4
    80 | D        | Killed a water moccasin
    81 | D        | Reached skill level 5 in Maces & Flails
    81 | D        | Reached skill level 1 in Dodging
    81 | D        | Reached XP level 5. HP: 30/38 MP: 5/5
    91 | D        | Found a snail-covered altar of Cheibriados.
    91 | D        | Found a shadowy altar of Dithmenos.
    91 | D        | Found a white marble altar of Elyvilon.
    91 | D        | Found a blossoming altar of Fedhas.
    91 | D        | Found an opulent altar of Gozag.
    92 | D        | Found a hazy altar of Hepliaklqana.
    93 | D        | Found a viscous altar of Jiyva.
    94 | D        | Found an ancient bone altar of Kikubaaqudgha.
    95 | D        | Found a corrupted altar of Lugonu.
    96 | D        | Found a burning altar of Makhleb.
    97 | D        | Found a sparkling altar of Nemelex Xobeh.
    98 | D        | Found an iron altar of Okawaru.
    99 | D        | Found a stormy altar of Qazlal.
   100 | D        | Found a sacrificial altar of Ru.
   101 | D        | Found a shimmering blue altar of Sif Muna.
   105 | D        | Became a worshipper of Gozag Ym Sagoz the Greedy
   109 | D        | Found a bloodstained altar of Trog.
   110 | D        | Found a hide-covered altar of Uskayaw.
   111 | D        | Found a radiant altar of Vehumet.
   112 | D        | Found an ornate altar of the Wu Jian Council.
   113 | D        | Found a shimmering altar of Xom.
   114 | D        | Found a basalt altar of Yredelemnul.
   115 | D        | Found a glowing silver altar of Zin.
   116 | D        | Found a glowing golden altar of the Shining One.
   169 | D        | Noticed a vampire
   188 | D        | Killed a vampire
   189 | D        | Reached skill level 7 in Maces & Flails
   189 | D        | Reached skill level 1 in Evocations
   189 | D        | Reached XP level 6. HP: 44/45 MP: 6/6
   215 | D        | Killed an unseen horror
   216 | D        | Reached skill level 9 in Maces & Flails
   216 | D        | Reached skill level 1 in Stealth
   216 | D        | Reached XP level 7. HP: 24/51 MP: 7/7
   424 | D        | Noticed a centaur warrior
   424 | D        | Noticed a boulder beetle
   424 | D        | Noticed a deep elf pyromancer
   424 | D        | Noticed a vampire mosquito
   424 | D        | Noticed a cyclops
   424 | D        | Noticed a wraith
   430 | D        | Killed a boulder beetle
   431 | D        | Reached skill level 10 in Fighting
   431 | D        | Reached skill level 10 in Maces & Flails
   431 | D        | Reached XP level 8. HP: 57/57 MP: 8/8
   437 | D        | Killed a wraith
   445 | D        | Killed a cyclops
   446 | D        | Reached skill level 11 in Maces & Flails
   446 | D        | Reached skill level 10 in Armour
   452 | D        | Killed from afar by a deep elf pyromancer

Illustrated notes

Levels and vault maps discovered:
D:        linesprint [early_d, line_temple, items_1, d_10, items_2, lair_1,
          lair_end, items_3, orc_1, orc_end, items_4, d_15, swamp_1, shoals_1,
          snake_1, spider_1, d_20, vaults_1, items_5, swamp_end, shoals_end,
          snake_end, spider_end, vaults_end, d_27, items_6, zot_1, zot_end,
          crypt_end, forest_end, elf_end, slime_end, tomb_end, abyss_end,
          pan_hell_end]

Skill      XL: |  1  2  3  4  5  6  7  8 |
---------------+-------------------------+-----
Shields        | 4 5 6 7 8 |  8.4
Fighting       | 5 7 8 9 10 | 10.3
Maces & Flails | 3 5 7 9 10 11 | 11.0
Armour         | 5 6 7 9 10 | 10.1
Dodging        | 1 2 3 |  3.0
Evocations     | 1 2 |  2.5
Stealth        | 1 2 |  2.1

Action                   |  1- 3 |  4- 6 |  7- 9 || total
-------------------------+-------+-------+-------++-------
Melee: Flail             |    26 |    35 |    30 ||    91
Evoke: Wand              |       |     5 |       ||     5
  Use: Potion            |     1 |     4 |     2 ||     7
 Stab: Distracted        |       |     1 |       ||     1
       Invisible         |       |       |     1 ||     1
Armor: Scale mail        |    15 |    19 |    13 ||    47
Dodge: Dodged            |    16 |    11 |    12 ||    39
Block: Buckler           |     5 |     7 |     5 ||    17

Table legend: (Time is in decaauts)
 A = Elapsed time spent in this place.
 B = Non-inter-level travel time spent in this place.
 C = Inter-level travel time spent in this place.
 D = Time resting spent in this place.
 E = Time spent auto-exploring this place.
 F = Levels seen in this place.
 G = Mean time per level.
                   A        B        C        D        E       F      G
               +--------+--------+--------+--------+--------+-----+--------+
         Total |    446 |    446 |      0 |      0 |    226 |   1 |  446.0 |
       Dungeon |    446 |    446 |      0 |      0 |    226 |   1 |  446.0 |
               +--------+--------+--------+--------+--------+-----+--------+

Top non-repeatable levels by time:
       D: 446 daAuts
